 Dungeon Crawl Stone Soup version 0.19.4-9-g45fd643 (webtiles) character file.

583 graki42 the Chopper (level 7, -3/88 HPs)
             Began as a Hill Orc Gladiator on Feb 15, 2017.
             Slain by an orc warrior
             ... wielding a +0 war axe
              (8 damage)
             ... on level 4 of the Dungeon.
             The game lasted 00:07:38 (3529 turns).

graki42 the Chopper (Hill Orc Gladiator)            Turns: 3529, Time: 00:07:39

Health: -3/88      AC: 23    Str: 20    XL:     7   Next: 37%
Magic:  7/7        EV:  2    Int:  8    God:
Gold:   169        SH:  0    Dex: 11    Spells: 0 memorised, 6 levels left

rFire  . . .     SeeInvis .     b - +0 broad axe
rCold  . . .     Gourm    .     (armour currently unavailable)
rNeg   + + +     Faith    .     (no shield)
rPois  +         Spirit   .     (helmet currently unavailable)
rElec  .         Reflect  .     (cloak currently unavailable)
rCorr  .         Harm     .     (gloves currently unavailable)
MR     .....     NoTele   +     (boots currently unavailable)
Stlth  +.........               (no amulet)
                                (no ring)
                                k - ring of wizardry

@: tree-form (expiring)
A: no striking features
a: no special abilities


You were on level 4 of the Dungeon.
You were not hungry.
You were a tree.
You visited 1 branch of the dungeon, and saw 4 of its levels.

You collected 169 gold pieces.

Inventory:

Hand Weapons
 b - a +0 broad axe (weapon)
Missiles
 d - 2 throwing nets (quivered)
Armour
 a - a +0 pair of gloves (melded)
 c - a +0 helmet (melded)
 y - a +0 scale mail (melded)
Jewellery
 k - a ring of wizardry (left branch)
Wands
 w - a wand of flame (30/48)
Scrolls
 e - 2 scrolls of fear {unknown}
 g - a scroll of enchant weapon {unknown}
 h - 2 scrolls of blinking {unknown}
 i - a scroll of amnesia {unknown}
 j - 2 scrolls of identify {unknown}
 m - 3 scrolls of remove curse {unknown}
 p - a scroll of enchant armour {unknown}
 q - a scroll of magic mapping {unknown}
 s - 2 scrolls of teleportation {unknown}
 t - a scroll of recharging {unknown}
 v - a scroll of fog {unknown}
Potions
 z - a potion of might {unknown}
Books
 u - a book of Enchantments

   Spells                             Type                      Level
   a - Cause Fear                     Hexes                        4
   b - Yara's Violent Unravelling     Hexes/Transmutation          5
   c - Silence                        Hexes/Air                    5
   d - Deflect Missiles               Charms/Air                   6
   e - Discord                        Hexes                        8
Comestibles
 f - 4 bread rations
 l - a meat ration
 n - a beef jerky


   Skills:
 + Level 4.2 Fighting
 + Level 7.8 Axes
 + Level 1.9 Throwing
 + Level 3.5 Armour
 + Level 3.4 Dodging
 + Level 0.5 Stealth


You had 6 spell levels left.
You didn't know any spells.

Dungeon Overview and Level Annotations

Branches:
Dungeon (4/15)
 Temple: D:4-7

Altars:
Nemelex Xobeh
Qazlal
Zin

Shops:
D:4 [


Message History

The orc warrior hits you but does no damage.
You slash the orc warrior!
The orc warrior is almost dead.
Your transformation is almost over.
The orc warrior drinks a potion.
The orc warrior is healed!
You slash the orc warrior!
The orc warrior is moderately wounded.
The orc warrior hits you with a war axe.
* * * LOW HITPOINT WARNING * * *
You barely miss the orc warrior.
The orc warrior is moderately wounded.
The orc warrior hits you but does no damage.
You completely miss the orc warrior.
The orc warrior is moderately wounded.
The orc warrior hits you with a war axe.
* * * LOW HITPOINT WARNING * * *
You closely miss the orc warrior.
The orc warrior is moderately wounded.
The orc warrior hits you with a war axe!
You die...

.............................#...
...................#.........#...
##...........##....#.............
#..................#.............
#.........###......#.............
#..................#.......).....
#....####.......####........)..##
.....####.......#####......[.....
.......##.......♣o.[.............
...........<.....)....##...#.#..^
............##......).#....#.#.#.
............##...............#.#.
#.....................##.........
#.....................#........#.
#.............#####...#..........
######........# +...'..........
#........# #...#.###..#.#


You could see an orc warrior.

Vanquished Creatures
  Sigmund (D:3)
  A scorpion (D:3)
  3 hounds (D:4)
  Jessica (D:2)
  An orc wizard (D:4)
  3 worker ants
  8 adders
  An ooze (D:2)
  5 worms
  5 dart slugs
  10 orcs (D:4)
  10 bats
  4 giant cockroaches
  8 goblins
  4 hobgoblins
  4 quokkas
  4 frilled lizards
  2 kobolds (D:2)
  A quokka skeleton (D:4)
  7 rats
83 creatures vanquished.

Vanquished Creatures (others)
  A frilled lizard (D:1)
1 creature vanquished.

Grand Total: 84 creatures vanquished

Notes
Turn   | Place    | Note
-------+----------+-------------------------------------------
     0 | D:1      | graki42 the Hill Orc Gladiator began the quest for the Orb.
     0 | D:1      | Reached XP level 1. HP: 18/18 MP: 1/1
    82 | D:1      | Reached XP level 2. HP: 23/25 MP: 2/2
   370 | D:1      | Reached XP level 3. HP: 26/30 MP: 3/3
   775 | D:2      | Reached skill level 5 in Axes
  1003 | D:2      | Reached skill level 1 in Armour
  1003 | D:2      | Reached XP level 4. HP: 11/37 MP: 4/4
  1473 | D:2      | Noticed Jessica
  1479 | D:2      | Killed Jessica
  1696 | D:2      | Reached XP level 5. HP: 35/45 MP: 5/5
  2010 | D:3      | Reached skill level 6 in Axes
  2406 | D:3      | Noticed Sigmund
  2425 | D:3      | Killed Sigmund
  2425 | D:3      | Reached XP level 6. HP: 33/52 MP: 6/6
  2726 | D:3      | Reached skill level 7 in Axes
  2904 | D:4      | Reached XP level 7. HP: 46/58 MP: 7/7
  3192 | D:4      | Found a sparkling altar of Nemelex Xobeh.
  3196 | D:4      | Found a stormy altar of Qazlal.
  3197 | D:4      | Found a glowing silver altar of Zin.
  3244 | D:4      | Found Muil's Armour Boutique.
  3529 | D:4      | Slain by an orc warrior

Skill      XL: |  1  2  3  4  5  6  7 |
---------------+----------------------+-----
Axes           | 5 6 7 |  7.8
Armour         | 1 2 3 |  3.5
Fighting       | 3 4 |  4.2
Dodging        | 3 |  3.4
Throwing       | |  1.9
Stealth        | |  0.5

Action                   |  1- 3 |  4- 6 |  7- 9 || total
-------------------------+-------+-------+-------++-------
Melee: War axe           |    73 |   144 |    17 ||   234
       Broad axe         |       |       |    54 ||    54
Throw: Throwing net      |       |     1 |       ||     1
  Use: Potion            |       |       |     3 ||     3
 Stab: Sleeping          |       |     1 |       ||     1
  Eat: Chunk             |       |     6 |     1 ||     7
       Beef jerky        |       |       |     1 ||     1
Armor: Leather armour    |    28 |    43 |     3 ||    74
       Scale mail        |       |       |    14 ||    14
       Skin              |       |       |     7 ||     7
Dodge: Dodged            |    66 |    85 |    50 ||   201
